 Dungeon Crawl Stone Soup version 0.24-a0-139-geb6712d (webtiles) character file.

Game seed: 0

2984 Anon1729 the Covert (level 9, -3/63 HPs)
             Began as an Octopode Fighter on Mar 2, 2019.
             Was an Initiate of Ru.
             Killed from afar by an electric eel (8 damage)
             ... with a bolt of electricity
             ... on level 9 of the Dungeon.
             The game lasted 00:19:20 (10284 turns).

Anon1729 the Covert (Octopode Fighter)             Turns: 10284, Time: 00:19:21

Health: -3/63      AC:  1    Str: 18    XL:     9   Next: 83%
Magic:  9/9        EV: 14    Int: 11    God:    Ru [......]
Gold:   485        SH: 10    Dex: 11    Spells: 6/8 levels left

rFire    . . .     SeeInvis .     - Unarmed
rCold    . . .     Gourm    .   a - +0 shield
rNeg     . . .     Faith    .   (helmet restricted)
rPois    .         Spirit   .   (no amulet)
rElec    .         Reflect  .   (no ring)
rCorr    .         Harm     .   (no ring)
MR       .....                  (no ring)
Stlth    ++++++....             (no ring)
HPRegen  0.20/turn              (no ring)
MPRegen  0.11/turn              (no ring)
                                (no ring)
                                (no ring)

@: no status effects
A: almost no armour, stealthy swim, amphibious, 8 rings, constrict 8, camouflage
1, gelatinous body 1
a: Sacrifice Essence, Sacrifice Words, Sacrifice Arcana, Reject Sacrifices,
Renounce Religion


You were on level 9 of the Dungeon.
You worshipped Ru.
Ru was noncommittal.
You were hungry.

You visited 2 branches of the dungeon, and saw 11 of its levels.

You collected 485 gold pieces.

Inventory:

Hand Weapons
 d - a +2 vampiric spear
 v - a cursed -2 dagger
 E - the +4 shortbow "Ytocuz" {flame, Fragile rPois rF++ Int+2, unknown}
   (You found it on level 10 of the Dungeon)

   It causes projectiles fired from it to burn those they strike, causing extra
   injury to most foes and up to half again as much damage against particularly
   susceptible opponents.
   It affects your intelligence (+2).
   It greatly protects you from fire.
   It protects you from poison.
   It will be destroyed if unequipped.
Missiles
 A - 5 javelins (quivered)
Armour
 a - a +0 shield (worn)
Jewellery
 m - an uncursed amulet of the acrobat {unknown}
Wands
 u - a wand of digging (6)
 w - a wand of flame (25)
 y - a wand of acid (15)
 C - a wand of iceblast (4)
Scrolls
 e - a scroll of fear {unknown}
 h - 2 scrolls of noise
 i - 3 scrolls of enchant armour
 j - 4 scrolls of remove curse
 k - 3 scrolls of amnesia
 l - 2 scrolls of immolation {unknown}
 n - 3 scrolls of fog
 q - 5 scrolls of teleportation {unknown}
 r - a scroll of magic mapping {unknown}
 s - 4 scrolls of blinking {unknown}
 x - 2 scrolls of identify
 D - a scroll of silence {unknown}
Potions
 b - 4 potions of might
 g - 2 potions of brilliance
 o - a potion of haste {unknown}
 p - a potion of agility {unknown}
 t - a potion of lignification {unknown}
 z - a potion of heal wounds {unknown}
 B - a potion of resistance
Comestibles
 c - 12 rations
 f - 4 chunks of flesh


   Skills:
 + Level 6.7 Fighting
 + Level 6.7 Dodging
 + Level 8.3 Stealth
 + Level 6.7 Shields
 + Level 6.1 Unarmed Combat


You had 6 spell levels left.
You knew the following spells:

 Your Spells              Type           Power        Failure   Level  Hunger
a - Blink                 Tloc           N/A          83%         2    ###....

Your spell library contained the following spells:

 Spells                   Type           Power        Failure   Level  Hunger
 Magic Dart               Conj           #...         71%         1    ##.....
 Call Imp                 Summ           #.......     83%         2    ###....
 Slow                     Hex            #.......     83%         2    ###....
 Conjure Flame            Conj/Fire      #.......     97%         3    ####...
 Mephitic Cloud           Conj/Pois/Air  #.......     97%         3    ####...


Dungeon Overview and Level Annotations

Branches:
Dungeon (10/15)            Temple (1/1) D:6            Lair (0/6) D:9
    Orc: D:9-12

Altars:
Ashenzari
Cheibriados
Dithmenos
Elyvilon
Fedhas
Gozag
Hepliaklqana
Kikubaaqudgha
Makhleb
Nemelex Xobeh
Qazlal
Ru
Sif Muna
Uskayaw
Vehumet
Wu Jian
Xom
Yredelemnul
Zin
The Shining One

Annotations:
D:3 3 runed translucent doors, Duffy's ghost, weakling NaGl
D:4 2 transporters, exclusion: statue, Menkaure


Innate Abilities, Weirdness & Mutations

You cannot wear most types of armour.
You are very stealthy in the water. (Stealth+)
You are amphibious.
You can wear up to eight rings at the same time.
You can use your tentacles to constrict eight enemies at once.
Your skin changes colour to match your surroundings (Stealth+).
Your rubbery body absorbs attacks. (AC +1, EV +1)


Message History

An electric eel comes into view.
You block the hound's attack.
A wolf comes into view.
You block the hound's attack. The orc hits you with a +0 whip.
* * * LOW HITPOINT WARNING * * *
Found a ration.
The orc shouts!
A troll comes into view.
The electric eel shoots out a bolt of lightning at you!
The bolt of electricity hits the orc!
The orc dies!
The bolt of electricity hits you.
* * * LOW HITPOINT WARNING * * *
You block the orc's attack.
The wolf howls!
Okay, then.
An electric eel comes into view.
The electric eel shoots out a bolt of lightning at you!
The bolt of electricity hits you!
You die...

.....####...#.......
.....# ###.#.......# ..
##...# #.#.......#...
#...# ###.#.......#...
#...# #......≈≈≈≈≈≈...
#...# #.≈....≈≈≈≈≈≈≈..
#...# #...≈..≈≈≈≈≈≈≈≈≈
#...# #...h≈Y.≈≈≈≈≈≈≈≈
##...####..hh≈≈≈@≈≈≈≈≈≈.
......>.....≈≈≈≈o≈≈≈≈≈≈≈
..........≈≈.≈≈≈≈....≈.;
............≈≈≈≈).>..%..
..........≈≈≈.≈≈≈o....≈≈
........#....≈≈≈.h≈...≈≈
........#.....≈≈≈≈(.≈≈≈≈
........#.$..≈≈≈≈≈;≈≈≈≈≈
........#....≈..≈≈≈.≈≈.


You could see a yak, 2 wolves, 2 hounds, 2 electric eels and 2 orcs.

Vanquished Creatures
  A yak (D:10)
  A water moccasin (D:6)
  A black bear (D:7)
  An ice beast (D:10)
  An orc warrior (D:9)
  A sky beast (D:6)
  A phantom (D:6)
  2 centaurs
  A wolf (D:10)
  5 ogres
  A crocodile (D:10)
  2 bullfrogs
  3 scorpions
  A water moccasin skeleton (D:8)
  A killer bee (D:7)
  2 howler monkeys
  An electric eel (D:9)
  A centaur zombie (D:6)
  4 crimson imps
  3 orc priests
  A bullfrog skeleton (D:5)
  6 hounds
  Jessica (D:2)
  6 orc wizards
  An iguana (D:10)
  3 worker ants
  A hound skeleton (D:10)
  A howler monkey zombie (D:7)
  6 gnolls (D:3)
  2 river rats (D:5)
  4 adders
  3 shadow imps
  An ooze (D:2)
  2 adder skeletons
  3 worms
  5 dart slugs
  3 leopard geckos
  28 orcs
  3 ball pythons
  3 bats
  7 giant cockroaches
  13 goblins
  8 hobgoblins
  4 jackals (D:8)
  8 kobolds
  5 quokkas
  A frilled lizard (D:1)
  2 leopard gecko zombies
  A quokka zombie (D:5)
  9 rats
175 creatures vanquished.

Vanquished Creatures (others)
  An orc (D:9)
  2 fungi (D:3)
  2 plants (D:3)
5 creatures vanquished.

Grand Total: 180 creatures vanquished

Notes
Turn   | Place    | Note
-------+----------+-------------------------------------------
     0 | D:1      | Anon1729 the Octopode Fighter began the quest for the Orb.
     0 | D:1      | Reached XP level 1. HP: 16/16 MP: 1/1
   145 | D:1      | Reached XP level 2. HP: 18/21 MP: 2/2
   176 | D:1      | Reached skill level 1 in Stealth
   590 | D:1      | Reached XP level 3. HP: 26/26 MP: 3/3
  1251 | D:2      | Noticed Jessica
  1260 | D:2      | Killed Jessica
  1260 | D:2      | Reached skill level 2 in Stealth
  1260 | D:2      | Reached XP level 4. HP: 14/31 MP: 4/4
  2079 | D:2      | Found a sparkling altar of Nemelex Xobeh.
  2089 | D:2      | Found a glowing silver altar of Zin.
  2142 | D:3      | Found a runed translucent gate.
  2142 | D:3      | Found a runed translucent gate.
  2142 | D:3      | Found a runed translucent gate.
  2143 | D:3      | Identified the +4 dagger of Mitypujea {pain, rF+ MP+9
                  | Str+6}
  2144 | D:3      | Noticed a big kobold
  2145 | D:3      | Noticed Duffy's ghost (weakling NaGl)
  2146 | D:3      | Noticed a big kobold
  2264 | D:3      | Reached XP level 5. HP: 11/37 MP: 5/5
  2577 | D:3      | Found a shattered altar of Ashenzari.
  2702 | D:3      | Reached skill level 3 in Stealth
  3133 | D:3      | Reached XP level 6. HP: 17/43 MP: 6/6
  3323 | D:4      | Found a transporter.
  3586 | D:4      | Found an ancient bone altar of Kikubaaqudgha.
  3694 | D:4      | Found a transporter.
  3708 | D:4      | Found a basalt altar of Yredelemnul.
  3729 | D:4      | Noticed Menkaure
  4003 | D:4      | Learned a level 2 spell: Blink
  4132 | D:4      | Reached skill level 4 in Stealth
  4265 | D:4      | Found a radiant altar of Vehumet.
  4352 | D:5      | Entered Level 5 of the Dungeon
  4392 | D:5      | Found a white marble altar of Elyvilon.
  4460 | D:5      | Reached XP level 7. HP: 49/49 MP: 7/7
  4708 | D:5      | Found a hazy altar of Hepliaklqana.
  5261 | D:5      | Reached skill level 5 in Stealth
  5348 | D:5      | Reached skill level 5 in Fighting
  5348 | D:5      | Reached skill level 5 in Shields
  5348 | D:5      | Reached XP level 8. HP: 41/55 MP: 8/8
  5362 | D:5      | Reached skill level 5 in Dodging
  6350 | D:6      | Found a staircase to the Ecumenical Temple.
  6360 | Temple   | Entered the Ecumenical Temple
  6488 | Temple   | Became a worshipper of Ru the Awakened
  7498 | D:6      | Reached skill level 6 in Stealth
  7874 | D:6      | Reached skill level 5 in Unarmed Combat
  8040 | D:6      | Reached XP level 9. HP: 62/62 MP: 9/9
  8060 | D:7      | Reached skill level 7 in Stealth
  8826 | D:8      | Noticed a two-headed ogre
  9398 | D:10     | Entered Level 10 of the Dungeon
  9940 | D:10     | Got a bloodstained shortbow
  9979 | D:10     | Reached skill level 8 in Stealth
 10278 | D:9      | Found a staircase to the Lair.
 10282 | D:9      | Noticed a troll
 10284 | D:9      | Killed from afar by an electric eel

Levels and vault maps discovered:
D:1:      dpeg_arrival_long_road, layout_loops_ring
D:2:      layout_basic, amethyst_overflow_temple_binary, grunt_ministairs_3,
          uniq_jessica
D:3:      layout_rooms, lemuel_crystal_altar, first_ration,
          gammafunk_ghost_nasty_kobolds
D:4:      layout_rooms, gammafunk_temple_of_torment, vehumet_statue
D:5:      layout_gridville, elyvilon_altar_5, lemuel_coloured_pillars_altar,
          portal_sewer_entry_b, minmay_fractal_squares_5
D:6:      layout_cave_pods, minmay_temple_entry_trees, uniq_menkaure
D:7:      layout_loops_cross, grunt_ogre_cave
D:8:      layout_rooms, uniq_joseph
D:9:      layout_irregular_city, lemuel_doored_altar,
          kennysheep_okawaru_gauntlet, erik_lair_island
D:10:     layout_long_grid, st_stairs_10
Temple:   minmay_temple_bridge_abc

Skill      XL: |  1  2  3  4  5  6  7  8  9 |
---------------+----------------------------+-----
Stealth        | 1 2 3 4 5 6 8 |  8.3
Unarmed Combat | 3 4 5 6 |  6.1
Fighting       | 4 5 6 |  6.7
Dodging        | 4 5 6 |  6.7
Shields        | 4 5 6 |  6.7

Action                   |  1- 3 |  4- 6 |  7- 9 || total
-------------------------+-------+-------+-------++-------
Melee: Unarmed           |    56 |   157 |   342 ||   555
       Constrict         |    19 |    38 |    64 ||   121
       Tentacles         |     6 |    33 |    81 ||   120
       Punch             |       |     4 |     9 ||    13
Throw: Javelin           |       |       |     3 ||     3
  Use: Scroll            |       |     6 |       ||     6
       Potion            |       |       |     4 ||     4
 Stab: Sleeping          |     4 |    11 |     8 ||    23
  Eat: Chunk             |     1 |    10 |    18 ||    29
Armor: Skin              |     2 |     6 |    15 ||    23
Dodge: Dodged            |    19 |    46 |   154 ||   219
Block: Shield            |    15 |    63 |   151 ||   229

Table legend:
 A = Non-vault XP
 B = Vault XP
 C = Vault XP percentage of total XP
 D = Non-vault monster count
 E = Vault monster count
 F = Vault count percentage of total count
                 A         B        C        D         E       F
            +---------+---------+-------+---------+---------+-------
      Total |    4009 |     254 |   6.0 |     160 |      15 |   8.6
            +---------+---------+-------+---------+---------+-------
        D:1 |      41 |       0 |   0.0 |      20 |       0 |   0.0
        D:2 |      37 |      47 |  56.0 |      13 |       3 |  18.8
        D:3 |     182 |       0 |   0.0 |      27 |       0 |   0.0
        D:4 |     281 |       0 |   0.0 |      16 |       0 |   0.0
        D:5 |     696 |      92 |  11.7 |      18 |      11 |  37.9
        D:6 |     996 |       0 |   0.0 |      26 |       0 |   0.0
        D:7 |     605 |       0 |   0.0 |      13 |       0 |   0.0
        D:8 |     111 |       0 |   0.0 |       7 |       0 |   0.0
        D:9 |     181 |       0 |   0.0 |       2 |       0 |   0.0
       D:10 |     879 |     115 |  11.6 |      18 |       1 |   5.3
            +---------+---------+-------+---------+---------+-------
